 Dungeon Crawl Stone Soup version 0.31-a0-705-ga145531891 (webtiles) character file.

Game seed: 13321899124303670566

38 arthad the Grave Robber (level 3, -3/27 HPs)
             Began as a Ghoul Necromancer on Sept 9, 2023.
             Slain by a worm (10 damage)
             ... on level 2 of the Dungeon.
             The game lasted 00:04:27 (1953 turns).

arthad the Grave Robber (Ghoul Necromancer)         Turns: 1953, Time: 00:04:28

Health: -3/27      AC:  3    Str: 11    XL:     3   Next: 43%
Magic:  3/5        EV: 12    Int: 12    God:
Gold:   95         SH:  0    Dex:  9    Spells: 2/6 levels left

rFire   . . .        l - staff of conjuration
rCold   + . .        (no shield)
rNeg    + + +        a - +0 robe
rPois   ∞            (no helmet)
rElec   .            (no cloak)
rCorr   +            o - +0 pair of gloves
SInv    .            (no boots)
Will    .....        (no amulet)
Stlth   ++           e - ring of resist corrosion
HPRegen 0.00/turn    s - ring of wizardry
MPRegen 0.09/turn

%: wizardry (x1)
@: inhibited regen
A: claws 1, cold resistance 1, negative energy resistance 3, inhibited
regeneration, torment resistance 2, devour on kill
a: no special abilities


You were on level 2 of the Dungeon.
You visited 1 branch of the dungeon, and saw 2 of its levels.

You collected 95 gold pieces.

Inventory:

Missiles
 q - 4 boomerangs
 r - 8 poisoned darts
Armour
 a - a +0 robe (worn)
 o - a +0 pair of gloves (worn)
Magical Staves
 l - a staff of conjuration (weapon)
Jewellery
 e - a ring of resist corrosion (left hand)
 s - a ring of wizardry (right hand)
Scrolls
 f - a scroll of revelation {unknown}
 h - 2 scrolls of butterflies {unknown}
 i - a scroll of enchant weapon {unknown}
 j - a scroll of enchant armour {unknown}
 k - 2 scrolls of identify {unknown}
 p - a scroll of torment {unknown}
Potions
 b - a potion of magic
 c - 2 potions of curing {unknown}
 d - a potion of mutation {unknown}
 g - a potion of brilliance {unknown}
 m - a potion of attraction {unknown}
 n - a potion of degeneration {unknown}


   Skills:
 + Level 0.9 Fighting
 + Level 2.1 Dodging
 + Level 2.5 Stealth
 * Level 2.1 Spellcasting
 + Level 0.1 Conjurations
 + Level 0.2 Hexes
 * Level 4.2 Necromancy


You had 2 spell levels left.
You knew the following spells:

 Your Spells              Type           Power      Damage    Failure   Level
a - Necrotise             Necr           44%        1d6       1%          1
b - Vampiric Draining     Necr           11%        2d6       6%          3

Your spell library contained the following spells:

 Spells                   Type           Power      Damage    Failure   Level
 Animate Dead             Necr           11%        N/A       19%         4
 Tukima's Dance           Hex            1%         N/A       28%         3
 Agony                    Necr           11%        N/A       45%         5
 Passage of Golubria      Tloc           1%         N/A       69%         4
 Yara's Violent Unravell  Hex/Tmut       0%         3d3       93%         5


Dungeon Overview and Level Annotations

Branches:
Dungeon (2/15)

Altars:

Shops:
D:2 [


Innate Abilities, Weirdness & Mutations

You are immune to poison.
You have sharp fingernails.
Your flesh is cold resistant. (rC+)
You are immune to negative energy. (rN+++)
You do not regenerate when monsters are visible.
You are immune to unholy pain and torment.
You thrive by killing the living.


Message History

You see here a worm corpse.
You now have 88 gold pieces (gained 5).
A rat comes into view.
A rat is nearby!
The rat writhes in agony.
The rat barely resists.
The rat writhes in agony.
You kill the rat!
The dead are walking!
You swap places.
Your rat skeleton crumbles into dust!
There is an open door here.
Found an escape hatch in the ceiling.
You now have 95 gold pieces (gained 7).
Found a robe.
A worm comes into view.
A worm is nearby!
Found a scroll labelled INE ZOGETHRIPH.
Casting: Necrotise (safe; 1% risk of failure)
Confirm with . or Enter, or press ? or * to list all spells.
Okay, then.
Unknown command.
The worm struggles to resist.
The worm writhes in agony.
You hit the worm.
The worm is moderately wounded.
You hit the worm.
The worm is moderately wounded.
The worm bites you.
You hit the worm but do no damage.
The worm is moderately wounded.
The worm bites you.
You hit the worm.
The worm is heavily wounded.
You hit the worm but do no damage.
The worm is heavily wounded.
The worm bites you!
* * * LOW HITPOINT WARNING * * *
The worm bites you!
You die...

##....## #. ... ..
.#....<.# #.##.. .#
#......... #.#...
..# ..........
....##..#..##.......
...#...? .#........
#.....##...........
#.w...#...........#
#.@#.....##..#...##
####.......#...##+#
#..[.....#.. #.#
#.##.#.### #.# #
#.#.##########.###
#...........#...##
###.###..........#
#.####.#
#.###.#...##
#......# #.#
#.#.....


You could see a worm.

Vanquished Creatures
  3 worms (D:2)
  3 ball pythons (D:1)
  A bat (D:1)
  5 endoplasms
  A goblin (D:2)
  A hobgoblin (D:2)
  4 kobolds
  2 quokkas (D:2)
  4 frilled lizards (D:1)
  3 rats
27 creatures vanquished.

Vanquished Creatures (collateral kills)
  A hobgoblin (D:1)
  A rat (D:1)
2 creatures vanquished.

Grand Total: 29 creatures vanquished

Notes
Turn   | Place    | Note
-------+----------+-------------------------------------------
     0 | D:1      | arthad the Ghoul Necromancer began the quest for the Orb.
     0 | D:1      | Reached XP level 1. HP: 14/14 MP: 2/2
   146 | D:1      | Reached XP level 2. HP: 9/20 MP: 0/3
  1017 | D:2      | Found a faded altar of an unknown god.
  1131 | D:2      | Reached XP level 3. HP: 27/27 MP: 0/5
  1343 | D:2      | Found Vuquc's Armour Emporium.
  1698 | D:2      | Learned a level 3 spell: Vampiric Draining
  1953 | D:2      | Slain by a worm

Illustrated notes

Levels and vault maps discovered:
D:1:      amcnicky_arrival_wind_blow, layout_rooms, minmay_tetromino_o4
D:2:      layout_loops_corners, serial_shops, shop,
          shapermc_ecumenical_altar_starsandcircs, solitary_fountain,
          hangedman_decor_points, serial_park_tiny_pond, nrook_campfire

Skill      XL: |  1  2 |
---------------+-------+-----
Dodging        | 2 |  2.1
Spellcasting   | 2 |  2.1
Fighting       | |  0.9
Stealth        | |  2.5
Conjurations   | |  0.1
Hexes          | |  0.2
Necromancy     | |  4.2

Action                     || total
---------------------------++-------
  Melee: Unarmed           ||    19
         Staff             ||    21
   Cast: Necrotise         ||    63
 Armour: Robe              ||    17
  Dodge: Dodged            ||    22

Table legend: (Time is in decaauts)
 A = Elapsed time spent in this place.
 B = Non-inter-level travel time spent in this place.
 C = Inter-level travel time spent in this place.
 D = Time resting spent in this place.
 E = Time spent auto-exploring this place.
 F = Levels seen in this place.
 G = Mean time per level.
                   A        B        C        D        E       F      G
               +--------+--------+--------+--------+--------+-----+--------+
         Total |   1956 |   1887 |     69 |     61 |   1523 |   2 |  978.0 |
       Dungeon |   1956 |   1887 |     69 |     61 |   1523 |   2 |  978.0 |
               +--------+--------+--------+--------+--------+-----+--------+

Top non-repeatable levels by time:
     D:2: 1033 daAuts
     D:1: 923 daAuts
